 Dungeon Crawl Stone Soup version 0.19.5 (webtiles) character file.

3047 KromesxD the Grappler (level 9, -7/94 HPs)
             Began as a Troll Monk on Mar 16, 2017.
             Was a Believer of Makhleb.
             Mangled by a phantasmal warrior (24 damage)
             ... led by a death knight
             ... on level 10 of the Dungeon.
             The game lasted 00:22:42 (6019 turns).

KromesxD the Grappler (Troll Monk)                  Turns: 6019, Time: 00:22:43

Health: -7/94      AC:  6    Str: 21    XL:     9   Next: 56%
Magic:  7/8        EV: 17    Int:  9    God:    Makhleb [**....]
Gold:   400        SH:  0    Dex: 14    Spells: 0 memorised, 8 levels left

rFire  . . .     SeeInvis .       - Unarmed
rCold  + . .     Gourm    +     a - +0 robe
rNeg   + . .     Faith    .     (no shield)
rPois  .         Spirit   .     (helmet restricted)
rElec  .         Reflect  .     k - +0 cloak
rCorr  .         Harm     .     (gloves unavailable)
MR     .....     Rnd*Rage +     (boots unavailable)
Stlth  ++........               (no amulet)
                                S - ring of wizardry
                                v - ring of Compulsion {rC+ rN+ EV+3}

@: vulnerable, very slightly contaminated, invisible
A: unfitting armour, claws 3, repulsion field 1, berserk 1, clever 1, fast
metabolism 3, gourmand, regeneration 1, shaggy fur 1, tough skin 2
a: Minor Destruction, Renounce Religion


You were on level 10 of the Dungeon.
You worshipped Makhleb.
Makhleb was pleased with you.
You were completely stuffed.

You visited 1 branch of the dungeon, and saw 10 of its levels.

You collected 400 gold pieces.

Inventory:

Missiles
 A - 2 silver tomahawks
 B - 242 stones (quivered)
 T - 5 javelins
Armour
 a - a +0 robe (worn)
 k - a +0 cloak (worn)
Jewellery
 g - an uncursed ring of protection from cold
 v - the ring of Compulsion (left claw) {rC+ rN+ EV+3}
   (You found it on level 4 of the Dungeon)

   [ring of evasion]

   It affects your evasion (+3).
   It protects you from cold.
   It protects you from negative energy.
 S - a ring of wizardry (right claw)
Wands
 c - a wand of flame (23/48)
 m - a wand of digging (5/24)
 w - a wand of random effects (14/48)
 D - a wand of confusion (15/48)
 I - a wand of lightning (7/15)
 N - a wand of flame (19/48)
Scrolls
 f - 3 scrolls of enchant weapon
 h - 2 scrolls of fog
 i - 8 scrolls of remove curse {unknown}
 q - a scroll of magic mapping
 u - 4 scrolls of recharging {unknown}
 y - a scroll of teleportation {unknown}
 F - a scroll of immolation {unknown}
 H - a scroll of enchant armour {unknown}
 J - 4 scrolls of identify
 Q - 3 scrolls of brand weapon {unknown}
Potions
 d - 2 potions of resistance {unknown}
 e - a potion of might
 l - a potion of lignification
 o - 2 potions of flight
 E - a potion of cancellation
 G - a potion of mutation
 M - a potion of ambrosia {unknown}
Books
 j - a book of Battle

   Spells                             Type                      Level
   a - Infusion                       Charms                       1
   b - Shroud of Golubria             Charms/Translocation         2
   c - Song of Slaying                Charms                       2
   d - Spectral Weapon                Hexes/Charms                 3
   e - Regeneration                   Charms/Necromancy            3
 n - a book of Cantrips

   Spells                             Type                      Level
   a - Confusing Touch                Hexes                        1
   b - Animate Skeleton               Necromancy                   1
   c - Summon Small Mammal            Summoning                    1
   d - Apportation                    Translocation                1
 r - a book of Power

   Spells                             Type                      Level
   a - Fulminant Prism                Conjuration/Hexes            4
   b - Iskenderun's Mystic Blast      Conjuration                  4
   c - Venom Bolt                     Conjuration/Poison           5
   d - Bolt of Magma                  Conjuration/Fire/Earth       5
   e - Iron Shot                      Conjuration/Earth            6
   f - Orb of Destruction             Conjuration                  7
   g - Spellforged Servitor           Conjuration/Summoning        7
 O - a book of Changes

   Spells                             Type                      Level
   a - Beastly Appendage              Transmutation                1
   b - Sticks to Snakes               Transmutation                2
   c - Spider Form                    Transmutation/Poison         3
   d - Ice Form                       Ice/Transmutation            4
   e - Blade Hands                    Transmutation                5
 P - a book of Minor Magic

   Spells                             Type                      Level
   a - Magic Dart                     Conjuration                  1
   b - Blink                          Translocation                2
   c - Call Imp                       Summoning                    2
   d - Repel Missiles                 Charms/Air                   2
   e - Slow                           Hexes                        2
   f - Conjure Flame                  Conjuration/Fire             3
   g - Mephitic Cloud                 Conjuration/Poison/Air       3
Miscellaneous
 Y - a phial of floods (inert)
Comestibles
 b - 6 bread rations
 s - 5 fruits
 z - 3 meat rations
 R - a slice of pizza
 X - a beef jerky


   Skills:
 - Level 7.7 Fighting
 + Level 1.1 Throwing
 + Level 4.1 Dodging
 - Level 1.0 Stealth
 - Level 9.8 Unarmed Combat


You had 8 spell levels left.
You didn't know any spells.

Dungeon Overview and Level Annotations

Branches:
Dungeon (10/15)            Temple (0/1) D:7            Lair (0/6) D:10
    Orc: D:9-12

Altars:
Fedhas
Gozag
Kikubaaqudgha
Makhleb
Nemelex Xobeh
Trog
The Shining One

Shops:
D:6 :


Innate Abilities, Weirdness & Mutations

You are too large for most types of armour.
You have claws for hands.
Your metabolism is lightning-fast.
You like to eat raw meat.
Your natural rate of healing is unusually fast.
You are covered in fur. (AC +1)
You have very tough skin. (AC +2)
You are surrounded by a mild repulsion field. (EV +2)
You tend to lose your temper in combat.
Your mind is acute. (Int +2)


Message History

There is a stone staircase leading up here.
Okay, then.
As you read the scroll labeled WEIWNE RUIPH, it crumbles to dust.
You feel aware of your surroundings.
It was a scroll of magic mapping.
The phantasmal warrior misses you.
As you read the scroll labeled FANENA LEMOE, it crumbles to dust.
You hear a loud clanging noise!
It was a scroll of noise.
You hear a bellow! x3; You hear a shout!
The phantasmal warrior hits you!!
* * * LOW HITPOINT WARNING * * *
Okay, then.
As you read the scroll labeled JYELUU KUSKOVU, it crumbles to dust.
It is a scroll of amnesia.
You feel forgetful for a moment. The phantasmal warrior hits you.
* * * LOW HITPOINT WARNING * * *
You fade into invisibility!
The phantasmal warrior closely misses you.
You feel better. The phantasmal warrior hits you!!
You die...

*********###############*********
,,,,,,,*,....$.W@......?,,,,,,,,*
,,,,,,,*,......$........,,,,,,,,*
,,,,,,,*,........Z......,,,,,,,,*
,,,,,,,*,...............,,,,,,,,*
,,,,,<,*,...............,,,,,,,,*
,*******,#####...#......,,,******
,*,,,*,,,*,,,....#......,,,,,,,,,
,*,,,*,,,*,,.....#......,,,,,,,>,
,*,,,*,,,*,,,,,,,*,,,,,,,,,,,,,,,


You could see a phantasmal warrior and a bullfrog skeleton.

Vanquished Creatures
  The ghost of Paps the Basher, a novice GrFi of Okawaru (D:8)
  A hippogriff (D:7)
  Grum (D:9)
  An ice beast (D:7)
  An eye of draining (D:9)
  2 sky beasts
  2 orc warriors
  A necrophage (D:8)
  2 wolves (D:9)
  2 ogres
  A centaur (D:5)
  2 scorpions
  2 howler monkeys
  6 crimson imps
  4 hounds
  An orc priest (D:6)
  2 bullfrog skeletons
  4 orc wizards
  Natasha (thrice) (D:3)
  2 worker ants
  A killer bee zombie (D:5)
  A howler monkey zombie (D:5)
  4 gnolls (D:6)
  A howler monkey skeleton (D:4)
  13 adders
  3 shadow imps
  An ooze (D:2)
  A dart slug (D:3)
  2 leopard geckos
  18 orcs
  A ball python (D:6)
  A bat zombie (D:3)
  6 giant cockroaches
  6 goblins
  6 hobgoblins
  11 jackals
  5 quokkas
  2 bats (D:1)
  2 frilled lizards
  6 kobolds
  2 quokka skeletons
  A quokka zombie (D:7)
  3 rats
  3 rat zombies (D:3)
141 creatures vanquished.

Vanquished Creatures (others)
  An orc (D:9)
1 creature vanquished.

Grand Total: 142 creatures vanquished

Notes
Turn   | Place    | Note
-------+----------+-------------------------------------------
     0 | D:1      | KromesxD the Troll Monk began the quest for the Orb.
     0 | D:1      | Reached XP level 1. HP: 22/22 MP: 0/0
   260 | D:1      | Reached XP level 2. HP: 29/29 MP: 1/1
  1086 | D:2      | Reached XP level 3. HP: 36/36 MP: 2/2
  1734 | D:3      | Found an ancient bone altar of Kikubaaqudgha.
  1821 | D:3      | Reached XP level 4. HP: 31/45 MP: 3/3
  1854 | D:3      | Reached skill level 4 in Unarmed Combat
  2028 | D:3      | Found a sparkling altar of Nemelex Xobeh.
  2040 | D:3      | Found a burning altar of Makhleb.
  2204 | D:3      | Found an opulent altar of Gozag.
  2204 | D:3      | Found a glowing golden altar of the Shining One.
  2237 | D:3      | Noticed Natasha
  2244 | D:3      | Killed Natasha
  2249 | D:3      | Noticed Natasha
  2268 | D:3      | Killed Natasha
  2268 | D:3      | Reached XP level 5. HP: 37/53 MP: 4/4
  2394 | D:3      | You fall through a shaft!
  2427 | D:4      | Found a bloodstained altar of Trog.
  2443 | D:4      | Reached skill level 5 in Unarmed Combat
  2443 | D:4      | Reached XP level 6. HP: 57/61 MP: 5/5
  2473 | D:4      | Got a glittering golden ring
  2722 | D:3      | Noticed Natasha
  2725 | D:3      | Killed Natasha
  3102 | D:5      | Entered Level 5 of the Dungeon
  3444 | D:5      | Reached XP level 7. HP: 70/70 MP: 6/6
  3595 | D:5      | Reached skill level 6 in Unarmed Combat
  3793 | D:5      | Identified the ring of Compulsion {rC+ rN+ EV+3} (You found it on level 4 of the Dungeon)
  3806 | D:5      | Gained mutation: Your mind is acute. (Int +2) [potion of mutation]
  3806 | D:5      | Gained mutation: You are surrounded by a mild repulsion field. (EV +2) [potion of mutation]
  3806 | D:5      | Gained mutation: You tend to lose your temper in combat. [potion of mutation]
  3866 | D:6      | Found Jeiset's Book Emporium.
  4116 | D:6      | Reached skill level 7 in Unarmed Combat
  4329 | D:7      | Noticed a hippogriff
  4344 | D:7      | Reached skill level 5 in Fighting
  4350 | D:7      | Killed a hippogriff
  4350 | D:7      | Reached XP level 8. HP: 67/80 MP: 7/7
  4437 | D:7      | Found an opulent altar of Gozag.
  4629 | D:7      | Found a blossoming altar of Fedhas.
  4658 | D:7      | Reached skill level 8 in Unarmed Combat
  4787 | D:3      | Became a worshipper of Makhleb the Destroyer
  4787 | D:3      | Reached * piety under Makhleb
  4787 | D:3      | Reached ** piety under Makhleb
  5079 | D:7      | Found a staircase to the Ecumenical Temple.
  5508 | D:8      | Noticed Paps's ghost (novice GrFi)
  5522 | D:8      | Killed Paps's ghost
  5522 | D:8      | Reached skill level 9 in Unarmed Combat
  5522 | D:8      | Reached XP level 9. HP: 90/93 MP: 8/8
  5722 | D:9      | Noticed Grum
  5745 | D:9      | Killed Grum
  5960 | D:9      | Reached skill level 1 in Throwing
  5998 | D:9      | Noticed a death knight
  5998 | D:9      | Noticed a skeletal warrior
  5998 | D:9      | Noticed a phantasmal warrior
  6014 | D:10     | Entered Level 10 of the Dungeon
  6019 | D:10     | Mangled by a phantasmal warrior

Skill      XL: |  1  2  3  4  5  6  7  8  9 |
---------------+----------------------------+-----
Fighting       | 3 4 5 7 |  7.7
Dodging        | 3 4 |  4.1
Unarmed Combat | 4 5 7 9 |  9.8
Throwing       | 1 |  1.1
Stealth        | |  1.0

Action                   |  1- 3 |  4- 6 |  7- 9 || total
-------------------------+-------+-------+-------++-------
Melee: Unarmed           |    84 |   129 |   225 ||   438
       Punch             |     2 |     6 |     7 ||    15
Throw: Stone             |       |       |    12 ||    12
Invok: Minor Destruction |       |       |     1 ||     1
Evoke: Wand              |       |       |     2 ||     2
       Phial of floods   |       |       |     1 ||     1
  Use: Potion            |     2 |       |     9 ||    11
       Scroll            |       |       |    13 ||    13
 Stab: Sleeping          |     1 |       |     2 ||     3
       Invisible         |       |       |     2 ||     2
       Distracted        |       |       |     1 ||     1
  Eat: Chunk             |     8 |    15 |    28 ||    51
       Pizza             |     1 |       |       ||     1
       Beef jerky        |     1 |       |       ||     1
       Fruit             |     8 |       |       ||     8
Armor: Robe              |    25 |    42 |    45 ||   112
       Skin              |       |       |    34 ||    34
Dodge: Dodged            |    40 |    77 |   191 ||   308
